 Dungeon Crawl Stone Soup version 0.20.0 (webtiles) character file.

348 ChungusAmongUs the Basher (level 6, -2/51 HPs)
             Began as a Minotaur Berserker on July 19, 2017.
             Was a Priest of Trog.
             Slain by a shadow imp (3 damage)
             ... summoned by Zerd's ghost
             ... on level 3 of the Dungeon.
             The game lasted 00:10:55 (2598 turns).

ChungusAmongUs the Basher (Minotaur Berserker)      Turns: 2598, Time: 00:10:56

Health: -2/51      AC:  9    Str: 21    XL:     6   Next: 33%
Magic:  5/5        EV:  8    Int:  4    God:    Trog [***...]
Gold:   205        SH:  0    Dex: 12    Spells: 5/5 levels left

rFire    . . .     SeeInvis .   a - +0 mace
rCold    . . .     Gourm    .   (no shield)
rNeg     . . .     Faith    .   o - +1 chain mail (curse)
rPois    .         Spirit   .   (helmet restricted)
rElec    .         Reflect  .   (no cloak)
rCorr    .         Harm     .   (no gloves)
MR       .....                  (no boots)
Stlth    ..........             (no amulet)
Regen    0.2/turn               (no ring)
MPRegen  0.1/turn               (no ring)

@: lethally poisoned (-2 -> -3), berserk cooldown, slowed, very slow
A: retaliatory headbutt, horns 2
a: Berserk, Trog's Hand, Burn Spellbooks, Renounce Religion


You were on level 3 of the Dungeon.
You worshipped Trog.
Trog was most pleased with you.
You were not hungry.

You visited 1 branch of the dungeon, and saw 3 of its levels.

You collected 205 gold pieces.

Inventory:

Hand Weapons
 a - a +0 mace (weapon)
 d - a +0 whip
Armour
 o - a cursed +1 chain mail (worn)
Jewellery
 g - a cursed ring of loudness
Scrolls
 l - a scroll of teleportation
 m - a scroll of immolation {unknown}
Potions
 j - 2 potions of curing {unknown}
 k - 2 potions of resistance {unknown}
 n - a potion of flight {unknown}
 p - a potion of heal wounds {unknown}
Comestibles
 c - 22 chunks of flesh
 f - 2 royal jellies
 i - 2 bread rations


   Skills:
 - Level 3.6 Fighting
 + Level 8.6 Maces & Flails
 - Level 2.4 Armour
 - Level 2.1 Dodging


You had 5 spell levels left.
You didn't know any spells.

Dungeon Overview and Level Annotations

Branches:
Dungeon (3/15)

Altars:
Gozag
Sif Muna

Annotations:
D:3 Zerd's ghost, novice DEWz


Innate Abilities, Weirdness & Mutations

You reflexively headbutt those who attack you in melee.
You have a pair of horns on your head.


Message History

You headbutt Zerd's ghost, but do no damage.
Zerd's ghost is almost destroyed.
The iron imp hits you but does no damage.
The shadow imp hits you but does no damage.
Zerd's ghost barely misses you.
The white imp shouts, "Decamp, thou bumbling dizzy-eyed cloven-toed!"
You closely miss Zerd's ghost. Your headbutt misses Zerd's ghost.
Zerd's ghost is almost destroyed.
You feel sick. The shadow imp hits you.
* * * LOW HITPOINT WARNING * * *
Zerd's ghost gestures wildly while chanting.
Zerd's ghost blinks!
The iron imp barely misses you. The white imp gestures at you.
The puff of frost misses you.
The shadow imp hits you but does no damage.
The iron imp completely misses you. You furiously retaliate!
You headbutt the iron imp, but do no damage.
Your chain mail prevents you from hitting the iron imp.
Your headbutt misses the iron imp. The shadow imp hits you.
You die...

#..# ##...#
#.....
#..... #
#.....#.
#...#.##
#....W.###
#...55)))#
#...5@.#ยง#
##.##.####
# ...#
....#
#.....
....>..
.......
#........


You could see an iron imp, Zerd's ghost, a white imp and a shadow imp.

Vanquished Creatures
  A wyvern (D:2)
  An orc priest (D:3)
  Robin (D:3)
  5 adders (D:2)
  2 dart slugs
  4 leopard geckos
  8 orcs (D:3)
  13 giant cockroaches
  13 goblins
  14 hobgoblins
  A quokka (D:3)
  A ball python (D:3)
  A bat (D:1)
  7 frilled lizards
  10 kobolds
  10 rats
92 creatures vanquished.

Notes
Turn   | Place    | Note
-------+----------+-------------------------------------------
     0 | D:1      | ChungusAmongUs the Minotaur Berserker began the quest for the Orb.
     0 | D:1      | Reached XP level 1. HP: 19/19 MP: 0/0
   122 | D:1      | Reached skill level 4 in Maces & Flails
   156 | D:1      | Reached XP level 2. HP: 21/26 MP: 1/1
   727 | D:1      | Reached skill level 5 in Maces & Flails
  1122 | D:1      | Reached XP level 3. HP: 31/31 MP: 2/2
  1129 | D:1      | Reached ** piety under Trog
  1550 | D:2      | Reached XP level 4. HP: 22/39 MP: 3/3
  1666 | D:2      | Reached skill level 6 in Maces & Flails
  1829 | D:2      | Found an opulent altar of Gozag.
  1829 | D:2      | Noticed a wyvern
  1885 | D:2      | Killed a wyvern
  1885 | D:2      | Reached skill level 8 in Maces & Flails
  1885 | D:2      | Reached XP level 5. HP: 23/45 MP: 4/4
  2323 | D:2      | Found a deep blue altar of Sif Muna.
  2375 | D:3      | Reached XP level 6. HP: 51/51 MP: 5/5
  2403 | D:3      | Reached *** piety under Trog
  2404 | D:3      | Noticed Robin
  2434 | D:3      | Killed Robin
  2574 | D:3      | Noticed Zerd's ghost (novice DEWz)
  2597 | D:3      | HP: 1/51 [shadow imp[Zerd's ghost] (2)]
  2598 | D:3      | Slain by a shadow imp

Skill      XL: |  1  2  3  4 |
---------------+-------------+-----
Maces & Flails | 4 5 8 |  8.6
Fighting       | |  3.6
Armour         | |  2.4
Dodging        | |  2.1

Action                   |  1- 3 |  4- 6 || total
-------------------------+-------+-------++-------
Melee: Mace              |    96 |   104 ||   200
       Headbutt          |    14 |    20 ||    34
Invok: Berserk           |     1 |     2 ||     3
  Use: Scroll            |     1 |     3 ||     4
  Eat: Bread ration      |     1 |       ||     1
       Meat ration       |       |     1 ||     1
       Chunk             |       |     1 ||     1
Armor: Animal skin       |     3 |       ||     3
       Scale mail        |     8 |    41 ||    49
       Leather armour    |     5 |       ||     5
       Chain mail        |       |    14 ||    14
Dodge: Dodged            |    50 |    64 ||   114
